 Dungeon Crawl Stone Soup version 0.31.0-11-ge490571c62 (webtiles) character file.

Game seed: 15205788753799835880

648 Bobbunny the Ruffian (level 7, 0/72 HPs)
             Began as a Troll Berserker on Jan 27, 2024.
             Was a Priest of Trog.
             Slain by a dart slug (2 damage)
             ... on level 5 of the Dungeon.
             The game lasted 00:02:21 (3467 turns).

Bobbunny the Ruffian (Troll Berserker)              Turns: 3467, Time: 00:02:21

Health: 0/72       AC:  4    Str: 34    XL:     7   Next: 27%
Magic:  6/6        EV: 10    Int:  3    God:    Trog [***...]
Gold:   175        SH:  0    Dex:  9    Spells: 6/6 levels left

rFire   . .          .
                       - Unarmed
rCold   . . .        (no shield)
rNeg    + . .        a - +0 animal skin
rPois   .            (helmet restricted)
rElec   .            (no cloak)
rCorr   .            (gloves unavailable)
SInv    .            (boots unavailable)
Will    .....        l - amulet of regeneration
Stlth   +            e - ring of positive energy
HPRegen 1.92/turn    n - +6 ring of strength
MPRegen 0.10/turn

%: no passive effects
@: lethally poisoned (0 -> -3), on berserk cooldown, slowed, very slow
A: large, unfitting armour, claws 3, regeneration 1, shaggy fur 1, tough skin 1
a: Renounce Religion, Berserk, Trog's Hand


You were on level 5 of the Dungeon.
You worshipped Trog.
Trog was most pleased with you.
You visited 1 branch of the dungeon, and saw 5 of its levels.

You collected 175 gold pieces.

Inventory:

Hand Weapons
 w - the +11 hand axe of the Crawling Thing {vamp, rF- rC++ Str+8}
   (You found it on level 4 of the Dungeon)

   Str+8:     It affects your strength (+8).
   rF-:       It makes you vulnerable to fire.
   rC++:      It greatly protects you from cold.
Missiles
 g - 12 poisoned darts (quivered)
 r - 2 large rocks
Armour
 a - a +0 animal skin (worn)
Jewellery
 e - a ring of positive energy (left claw)
 l - an amulet of regeneration (around neck)
 n - a +6 ring of strength (right claw)
 u - a ring of magical power
Scrolls
 b - 2 scrolls of teleportation {unknown}
 d - 6 scrolls of identify {unknown}
 f - a scroll of enchant armour {unknown}
 h - a scroll of acquirement {unknown}
 i - 3 scrolls of immolation {unknown}
 j - a scroll of torment {unknown}
 p - a scroll of revelation {unknown}
 q - 2 scrolls of poison {unknown}
 x - a scroll of vulnerability {unknown}
 y - a scroll of enchant weapon {unknown}
Potions
 c - a potion of enlightenment {unknown}
 k - a potion of might {unknown}
 m - a potion of heal wounds {unknown}
 o - a potion of berserk rage {unknown}
 s - a potion of degeneration {unknown}
 t - a potion of curing {unknown}
 v - a potion of lignification {unknown}


   Skills:
 + Level 5.3 Fighting
 - Level 2.4 Dodging
 + Level 6.3 Unarmed Combat


You had 6 spell levels left.
You didn't know any spells.
Your spell library was empty.

Dungeon Overview and Level Annotations

Branches:
Dungeon (5/15)
 Temple: D:4-7

Altars:
Makhleb


Innate Abilities, Weirdness & Mutations

You are too large for most types of armour.
You have claws for hands.
Your natural rate of healing is unusually fast.
You are covered in fur. (AC +1)
You have tough skin. (AC +1)


Message History

You kill the adder!
Trog accepts your kill.
You are no longer berserk.
You are exhausted.
You feel yourself slow down.
You feel sick.
A dart slug comes into view.
You feel very sick. The gnoll barely misses you.
The gnoll hits you with a +2 spear of venom.
You are more poisoned.
Items here: )) [ ††.
You feel very sick.
The gnoll hits you with a +2 spear of venom!
You are more poisoned.
You claw the gnoll!
The gnoll is almost dead.
You feel extremely sick. The gnoll completely misses you.
The gnoll hits you with a +2 spear of venom.
You are more poisoned.
You closely miss the gnoll. Your claw misses the gnoll.
The gnoll is severely wounded.
* * * LOW HITPOINT WARNING * * *
You feel extremely sick.
The gnoll hits you with a +2 spear of venom.
* * * LOW HITPOINT WARNING * * *
You closely miss the gnoll.
The gnoll is severely wounded.
* * * LOW HITPOINT WARNING * * *
You feel extremely sick. The gnoll completely misses you.
The dart slug launches a dart at you. The slug dart hits you.
* * * LOW HITPOINT WARNING * * *
You closely miss the gnoll.
The gnoll is severely wounded.
* * * LOW HITPOINT WARNING * * *
You feel very sick. The gnoll barely misses you. The dart slug bites you.
You die...

#.# #.#
#.# #.#
#.# #)#
#)#
#+######)#
.......g@#
.......w.#
.........#
...).....#
.........#
#+######.#
#.# #.#


You could see a gnoll and a dart slug.

Vanquished Creatures
  Grinder (D:3)
  A phantom (D:4)
  A scorpion (D:4)
  2 bombardier beetles (D:4)
  A hound (D:4)
  A gnoll bouda (D:5)
  An iguana (D:4)
  3 gnolls (D:5)
  5 adders
  3 dart slugs
  6 bats
  5 endoplasms
  2 giant cockroaches
  11 goblins
  8 hobgoblins
  3 jackals (D:4)
  8 kobolds
  2 quokkas
  10 ball pythons
  8 frilled lizards
  5 rats
87 creatures vanquished.

Notes
Turn   | Place    | Note
-------+----------+-------------------------------------------
     0 | D:1      | Bobbunny the Troll Berserker began the quest for the Orb.
     0 | D:1      | Reached XP level 1. HP: 22/22 MP: 0/0
   162 | D:1      | Reached XP level 2. HP: 28/29 MP: 1/1
   518 | D:1      | Reached ** piety under Trog
   528 | D:1      | Reached XP level 3. HP: 24/37 MP: 2/2
   867 | D:2      | Found a faded altar of an unknown god.
  1743 | D:3      | Noticed Grinder
  1773 | D:3      | Paralysed by Grinder for 2 turns
  1777 | D:3      | Killed Grinder
  1778 | D:3      | Reached skill level 5 in Unarmed Combat
  1778 | D:3      | Reached XP level 4. HP: 41/48 MP: 3/3
  1778 | D:3      | Reached XP level 5. HP: 46/54 MP: 4/4
  1972 | D:3      | Reached XP level 6. HP: 63/63 MP: 5/5
  2023 | D:3      | Found a faded altar of an unknown god.
  2027 | D:3      | Found a burning altar of Makhleb.
  2522 | D:4      | Identified the +11 hand axe of the Crawling Thing {vamp,
                  | rF- rC++ Str+8}
  2581 | D:4      | Reached skill level 5 in Fighting
  2581 | D:4      | Reached skill level 6 in Unarmed Combat
  2581 | D:4      | Reached XP level 7. HP: 65/72 MP: 6/6
  2992 | D:4      | Reached *** piety under Trog
  3413 | D:5      | Entered Level 5 of the Dungeon
  3467 | D:5      | HP: 2/72 [poisoned by a gnoll]
  3467 | D:5      | Slain by a dart slug

Illustrated notes

Levels and vault maps discovered:
D:1:      lemuel_arrival_tunnels, layout_basic, serial_glass, glass_columns_b,
          glass_columns_a, minivault_27, minmay_tromino_v4_b
D:2:      layout_loops_ring, basic_ecumenical_altar,
          chequers_serial_rivers_large_b, minmay_misc_feat_tiny, st_stairs_4,
          chequers_jeans
D:3:      layout_basic, nicolae_overflow_ecumenical_swirl, uniq_grinder
D:4:      layout_layer_cave, minivault_19, moated_statue
D:5:      layout_basic, kennysheep_little_box, gammafunk_ghost_grave

Skill      XL: |  1  2  3  4  5  6 |
---------------+-------------------+-----
Fighting       | 3 4 5 |  5.3
Unarmed Combat | 5 6 |  6.3
Dodging        | |  2.4

Action                     |  1- 3 |  4- 6 |  7- 9 || total
---------------------------+-------+-------+-------++-------
  Melee: Unarmed           |   128 |    76 |    26 ||   230
         Punch             |     3 |     1 |       ||     4
 Invoke: Trog's Hand       |     1 |       |       ||     1
         Berserk           |       |       |     1 ||     1
   Stab: Sleeping          |     1 |       |       ||     1
 Armour: Animal skin       |    92 |    42 |    16 ||   150
  Dodge: Dodged            |    69 |    27 |    19 ||   115
